 Dungeon Crawl Stone Soup version 0.30-a0-29-g142975f185 (webtiles) character file.

Game seed: 7830472081039768977

116 xian the Ducker (level 4, 0/42 HPs)
             Began as a Troll Wanderer on Aug 26, 2022.
             Was a Follower of Trog.
             Slain by a gnoll
             ... wielding a +0 whip
              (4 damage)
             ... on level 3 of the Dungeon.
             The game lasted 00:04:19 (1597 turns).

xian the Ducker (Troll Wanderer)                    Turns: 1597, Time: 00:04:19

Health: 0/42       AC:  4    Str: 24    XL:     4   Next: 69%
Magic:  0/3        EV: 10    Int:  6    God:    Trog [*.....]
Gold:   38         SH:  0    Dex:  9    Spells: 3/3 levels left

rFire   . . .      SeeInvis .    a - +0 mace
rCold   . . .      Faith    .    (no shield)
rNeg    . . .      Spirit   +    b - +0 robe
rPois   .          Reflect  .    (helmet restricted)
rElec   .          Harm     .    (no cloak)
rCorr   .          Rampage  .    (gloves unavailable)
Will    .....                    (boots unavailable)
Stlth   +.........               l - amulet of guardian spirit
HPRegen 0.94/turn                (no ring)
MPRegen 0.08/turn                (no ring)

@: brilliant, on berserk cooldown, flying, slowed, very slow
A: large, unfitting armour, claws 3, regeneration 1, shaggy fur 1, tough skin 1
a: Renounce Religion, Berserk


You were on level 3 of the Dungeon.
You worshipped Trog.
Trog was aware of your devotion.
You visited 1 branch of the dungeon, and saw 3 of its levels.

You collected 38 gold pieces.

Inventory:

Hand Weapons
 a - a +0 mace (weapon)
Armour
 b - a +0 robe (worn)
Jewellery
 l - an amulet of guardian spirit (around neck)
Scrolls
 c - 3 scrolls of butterflies
 d - a scroll of enchant weapon {unknown}
 f - 2 scrolls of identify {unknown}
 i - a scroll of torment {unknown}
 j - 2 scrolls of enchant armour {unknown}
 n - a scroll of vulnerability {unknown}
Potions
 e - a potion of mutation {unknown}
 h - a potion of magic
 k - a potion of flight
 m - a potion of ambrosia {unknown}
 o - a potion of attraction {unknown}
 p - a potion of degeneration {unknown}


   Skills:
 + Level 1.6 Fighting
 + Level 3.0 Maces & Flails
 + Level 5.0 Dodging
 + Level 1.0 Invocations


You had 3 spell levels left.
You didn't know any spells.
Your spell library was empty.

Dungeon Overview and Level Annotations

Branches:
Dungeon (3/15)

Altars:
Trog


Innate Abilities, Weirdness & Mutations

You are too large for most types of armour.
You have claws for hands.
Your natural rate of healing is unusually fast.
You are covered in fur. (AC +1)
You have tough skin. (AC +1)


Message History

The gnoll closely misses you.
Your Maces & Flails skill increases to level 3!
You hit the gnoll but do no damage. The gnoll hits you with a +0 whip.
* * * LOW HITPOINT WARNING * * *
The gnoll hits you with a +0 whip.
* * * LOW HITPOINT WARNING * * *
Unknown command.
You hit the gnoll.
The gnoll is moderately wounded.
The gnoll hits you but does no damage. The dart slug closely misses you.
Unknown command.
You hit the dart slug.
The dart slug is heavily wounded.
The gnoll misses you. The gnoll hits you with a +0 whip.
* * * LOW HITPOINT WARNING * * *
The dart slug launches a dart at you. The slug dart hits you.
* * * LOW HITPOINT WARNING * * *
You hit the gnoll.
The gnoll is moderately wounded.
The gnoll hits you with a +0 whip.
* * * LOW HITPOINT WARNING * * *
The dart slug bites you.
* * * LOW HITPOINT WARNING * * *
The gnoll closely misses you.
It was a potion of magic.
Magic courses through your body. The gnoll barely misses you.
The dart slug bites you. The gnoll completely misses you.
The dart slug closely misses you.
It was a potion of flight.
You feel very buoyant.
You fly up into the air.
The gnoll hits you with a +0 whip.
* * * LOW HITPOINT WARNING * * *
The dart slug launches a dart at you. The slug dart hits you.
* * * LOW HITPOINT WARNING * * *
It was a potion of brilliance.
You feel clever all of a sudden. The gnoll hits you but does no damage.
The dart slug misses you. The gnoll hits you with a +0 whip.
You die...

# ###########
#.######.........#
#................#
####.###.........#
###.####..#######
##........##
####..####.###
#####....## #g##
#.....#### #@)#
#.<#### ##w# ##.#
..# #.# #.# #.. .#
### .. #.. ##


You could see a gnoll and a dart slug.

Vanquished Creatures
  3 gnolls (D:3)
  4 adders (D:2)
  A worm (D:2)
  3 bats
  2 endoplasms
  4 giant cockroaches
  3 hobgoblins
  5 jackals (D:1)
  4 ball pythons (D:1)
  3 frilled lizards
  5 goblins
  9 kobolds
  3 rats
49 creatures vanquished.

Vanquished Creatures (others)
  3 plants (D:1)
  2 withered plants (D:1)
5 creatures vanquished.

Grand Total: 54 creatures vanquished

Notes
Turn   | Place    | Note
-------+----------+-------------------------------------------
     0 | D:1      | xian the Troll Wanderer began the quest for the Orb.
     0 | D:1      | xian set off with the following items: a +0 mace, a +0
                  | robe, 2 scrolls of butterflies.
     0 | D:1      | Reached XP level 1. HP: 19/19 MP: 0/0
   125 | D:1      | Reached XP level 2. HP: 27/27 MP: 1/1
   253 | D:1      | Found a faded altar of an unknown god.
   492 | D:1      | Reached XP level 3. HP: 33/33 MP: 2/2
   756 | D:1      | Prayed at the altar of an unknown god.
   756 | D:1      | Became a worshipper of Trog the Wrathful
   756 | D:1      | Reached * piety under Trog
  1050 | D:2      | Reached XP level 4. HP: 39/41 MP: 3/3
  1051 | D:2      | Reached skill level 5 in Dodging
  1596 | D:3      | HP: 2/42 [dart slug/slug dart (3)]
  1597 | D:3      | Slain by a gnoll

Illustrated notes

Levels and vault maps discovered:
D:1:      minmay_arrival_three_doors, layout_basic,
          shapermc_ecumenical_altar_flowoftime, minmay_domino_2
D:2:      layout_basic, grunt_ministairs_14
D:3:      layout_rooms

Skill      XL: |  1  2  3  4 |
---------------+-------------+-----
Maces & Flails | 2 3 |  3.0
Dodging        | 5 |  5.0
Fighting       | |  1.6
Invocations    | |  1.0

Action                   |  1- 3 |  4- 6 || total
-------------------------+-------+-------++-------
Melee: Mace              |   155 |    32 ||   187
       Punch             |     2 |       ||     2
Invok: Berserk           |     2 |     1 ||     3
  Use: Potion            |       |     3 ||     3
Armor: Robe              |    91 |     9 ||   100
Dodge: Dodged            |   112 |    28 ||   140

Table legend: (Time is in decaauts)
 A = Elapsed time spent in this place.
 B = Non-inter-level travel time spent in this place.
 C = Inter-level travel time spent in this place.
 D = Time resting spent in this place.
 E = Time spent auto-exploring this place.
 F = Levels seen in this place.
 G = Mean time per level.
                   A        B        C        D        E       F      G
               +--------+--------+--------+--------+--------+-----+--------+
         Total |   1666 |   1583 |     83 |      0 |   1023 |   3 |  555.3 |
       Dungeon |   1666 |   1583 |     83 |      0 |   1023 |   3 |  555.3 |
               +--------+--------+--------+--------+--------+-----+--------+

Top non-repeatable levels by time:
     D:1: 885 daAuts
     D:2: 724 daAuts
     D:3: 57 daAuts
